 Dungeon Crawl Stone Soup version 0.26.0-18-gc5c842f807 (webtiles) character file.

Game seed: 1575621142781332701

42 ragingrage the Skirmisher (level 3, 0/23 HPs)
             Began as a Gargoyle Artificer on Jan 23, 2021.
             Slain by a gnoll
             ... wielding a +0 flail
              (5 damage)
             ... on level 1 of the Dungeon.
             The game lasted 00:01:09 (1013 turns).

ragingrage the Skirmisher (Gargoyle Artificer)      Turns: 1013, Time: 00:01:09

Health: 0/23       AC: 15    Str: 16    XL:     3   Next: 56%
Magic:  3/3        EV:  4    Int: 11    God:
Gold:   78         SH:  0    Dex: 10    Spells: 2/2 levels left

rFire    . . .     SeeInvis .   a - +0 club
rCold    . . .     Faith    .   (no shield)
rNeg     + . .     Spirit   .   h - +0 plate armour
rPois    ∞         Reflect  .   (no helmet)
rElec    +         Harm     .   (no cloak)
rCorr    .         Rampage  .   k - +0 pair of gloves
Will     .....                  (no boots)
Stlth    ..........             (no amulet)
HPRegen  0.07/turn              (no ring)
MPRegen  0.08/turn              (no ring)

@: no status effects
A: negative energy resistance 1, electricity resistance, unbreathing,
petrification resistance, miasma immunity, AC +3
a: no special abilities


You were on level 1 of the Dungeon.
You visited 1 branch of the dungeon, and saw 2 of its levels.

You collected 78 gold pieces.

Inventory:

Hand Weapons
 a - a +0 club (weapon)
 o - a +0 spear
Missiles
 f - 12 poisoned darts
Armour
 h - a +0 plate armour (worn)
 k - a +0 pair of gloves (worn)
Wands
 c - a wand of flame (15) (quivered)
 d - a wand of enslavement (15)
 e - a wand of random effects (15)
Scrolls
 g - a scroll of remove curse {unknown}
 i - a scroll of enchant armour {unknown}
 j - a scroll of identify {unknown}
 l - a scroll of magic mapping {unknown}
Potions
 b - a potion of haste {unknown}
 m - a potion of mutation {unknown}
 n - a potion of might {unknown}


   Skills:
 + Level 3.4 Fighting
 - Level 2.1 Armour
 - Level 0.7 Dodging
 - Level 1.1 Stealth
 + Level 3.0 Evocations


You had 2 spell levels left.
You didn't know any spells.
Your spell library was empty.

Dungeon Overview and Level Annotations

Branches:
Dungeon (2/15)

Altars:

Annotations:
D:2 Natasha


Innate Abilities, Weirdness & Mutations

You are resistant to torment.
Your stone body is resilient. (AC +3)
You are immune to poison.
You resist negative energy. (rN+)
You are resistant to electric shocks. (rElec)
You can survive without breathing.
You are immune to petrification.
You are immune to miasma.


Message History

The adder is heavily wounded.
The adder bites you but does no damage. The gnoll hits you with a +0 flail.
The adder bites you but does no damage.
You hit the adder.
You kill the adder!
The gnoll hits you but does no damage.
Your Evocations skill increases to level 3!
Your plate armour prevents you from hitting the gnoll.
The gnoll hits you but does no damage.
You hit the gnoll.
The gnoll is lightly wounded.
The gnoll hits you with a +0 flail. x2
You closely miss the gnoll.
The gnoll is lightly wounded.
The gnoll hits you with a +0 flail.
* * * LOW HITPOINT WARNING * * *
You hit the gnoll.
The gnoll is heavily wounded.
The gnoll hits you with a +0 flail.
You die...

#####.#.#.#####.#
#.#)#.......#
#.#.###########
#.#...........#
#.###########.# #.# #†#
#.# #.#
#########.###########.#
................@g....#
#########.#############
# #.# # #.# # #######.#
# #.......# # #.#######
# #.# # #.#


You could see a gnoll.

Vanquished Creatures
  An adder (D:1)
  An ooze (D:1)
  A dart slug (D:1)
  A ball python (D:1)
  2 bats (D:1)
  5 giant cockroaches (D:1)
  5 goblins (D:1)
  A hobgoblin (D:1)
  A frilled lizard (D:1)
  2 kobolds (D:1)
  7 rats (D:1)
27 creatures vanquished.

Notes
Turn   | Place    | Note
-------+----------+-------------------------------------------
     0 | D:1      | ragingrage the Gargoyle Artificer began the quest for the
                  | Orb.
     0 | D:1      | Reached XP level 1. HP: 12/12 MP: 1/1
    73 | D:1      | Reached XP level 2. HP: 14/17 MP: 2/2
   739 | D:1      | Reached XP level 3. HP: 23/23 MP: 3/3
   997 | D:2      | Noticed Natasha
  1013 | D:1      | Slain by a gnoll

Illustrated notes

Levels and vault maps discovered:
D:1:      minmay_arrival_nine_rooms, layout_basic
D:2:      layout_basic, amethyst_overflow_temple_binary,
          nicolae_tso_carved_into_rock, uniq_natasha

Skill      XL: |  1  2  3 |
---------------+----------+-----
Fighting       | 2 3 |  3.4
Evocations     | 3 |  3.0
Armour         | |  2.1
Dodging        | |  0.7
Stealth        | |  1.1

Action                   || total
-------------------------++-------
Melee: Club              ||   116
Armor: Leather armour    ||    11
       Plate armour      ||    99
Dodge: Dodged            ||    36
